 Dungeon Sprint DCSS version bcrawl-1.27.3 (webtiles) character file.

Game seed: 15718362579981666796

85452 lorenzova the Skirmisher (level 2, 0/26 HPs)
             Began as a Formicid Abyssal Knight on Oct 6, 2020.
             Was a Believer of Lugonu.
             Slain by a worker ant (7 damage)
             ... in the Dungeon (Sprint VII: "The Pits").
             The game lasted 00:00:32 (178 turns).

lorenzova the Skirmisher (Formicid Abyssal Knight)   Turns: 178, Time: 00:00:32

Health: 0/26       AC:  3    Str: 16    XL:     2   Next: 0%
Magic:  3/4        EV: 11    Int: 11    God:    Lugonu [**....]
Gold:   0          SH:  0    Dex: 10    Spells: 1/1 levels left

rFire    . . .     SeeInvis +   a - +1 hand axe
rCold    . . .     Gourm    .   (no shield)
rNeg     . . .     Faith    .   b - +0 leather armour
rPois    .         Spirit   .   (helmet unavailable)
rElec    .         Reflect  .   (no cloak)
rCorr    .         Harm     .   (no gloves)
MR       .....                  (no boots)
Stlth    +.........             (no amulet)
HPRegen  0.08/turn              (no ring)
MPRegen  0.09/turn              (no ring)

@: lethally poisoned (0 -> -9)
A: permanent stasis, dig shafts and tunnels, four strong arms, antennae 3
a: Dig, Bend Space, Banish, Renounce Religion


You were in the Dungeon.
You worshipped Lugonu.
Lugonu was pleased with you.
You were not hungry.

You visited 1 branch

Inventory:

Hand Weapons
 a - a +1 hand axe (weapon)
Missiles
 c - 10 tomahawks of dispersal {=f}
 d - 50 stones (quivered)
Armour
 b - a +0 leather armour (worn)
Scrolls
 k - a scroll of blinking
 m - 2 scrolls of vulnerability
 n - 3 scrolls of remove curse
 o - 5 scrolls of amnesia
 p - a scroll of summoning
Potions
 f - a potion of curing
 g - a potion of heal wounds
 h - a potion of haste
 i - 4 potions of magic
 j - a potion of berserk rage
 l - 2 potions of invisibility
Comestibles
 e - 9 rations {!d}


   Skills:
 + Level 4.4 Fighting
 + Level 2.1 Axes
 + Level 1.0 Throwing
 + Level 2.9 Armour
 + Level 0.9 Dodging
 + Level 3.0 Invocations


You had one spell level left.
You didn't know any spells.
Your spell library was empty.

Dungeon Overview and Level Annotations

Branches:
Dungeon (1/1)

Altars:
Ashenzari
Cheibriados
Dithmenos
Elyvilon
Fedhas
Gozag
Hepliaklqana
Kikubaaqudgha
Lugonu
Makhleb
Nemelex Xobeh
Okawaru
Qazlal
Ru
Sif Muna
Trog
Uskayaw
Vehumet
Wu Jian
Xom
Yredelemnul
Zin
The Shining One
Beogh
Jiyva


Innate Abilities, Weirdness & Mutations

You cannot be hasted, slowed, berserked, paralysed or teleported.
You can dig through walls and to a lower floor.
Your four strong arms can wield two-handed weapons with a shield.
You have a pair of large antennae on your head. (SInv)


Message History

The worker ant poisons you!
You closely miss the worker ant.
The worker ant is heavily wounded.
You feel sick. The worker ant barely misses you.
You closely miss the worker ant.
The worker ant is heavily wounded.
You feel sick. The worker ant barely misses you. The worker ant misses you.
You hit the worker ant but do no damage.
The worker ant is heavily wounded.
You feel sick. The worker ant completely misses you.
You hit the worker ant.
The worker ant is severely wounded.
* * * LOW HITPOINT WARNING * * *
You feel sick.
The worker ant bites you but does no damage.
You closely miss the worker ant.
The worker ant is severely wounded.
The worker ant bites you but does no damage.
The worker ant bites you!
You die...

#_________.#
#_______...###########+
##########'##..........
#..|!')))'.##......#..#
##########.##..........
#..........)'..........
+#####†#####......#..#
#..#..# #..........
#..a@.# ####'#####+
#..#### #.......# #. {{
#.......# # { #.......#
{ #...<...# { #.......#
{ #.......# { #.......#
{ #########


You could see a worker ant.

Vanquished Creatures
  An orc (D)
  A bat skeleton (D)
  A giant cockroach (D)
  A kobold (D)
4 creatures vanquished.

Notes
Turn   | Place    | Note
-------+----------+-------------------------------------------
     0 | D        | lorenzova the Formicid Abyssal Knight began the quest for
                  | the Orb.
     0 | D        | Reached XP level 1. HP: 18/18 MP: 2/2
   126 | D        | Found a glowing golden altar of the Shining One.
   126 | D        | Found a glowing silver altar of Zin.
   126 | D        | Found a basalt altar of Yredelemnul.
   126 | D        | Found a shimmering altar of Xom.
   126 | D        | Found an ornate altar of the Wu Jian Council.
   126 | D        | Found a bloodstained altar of Trog.
   126 | D        | Found a shimmering blue altar of Sif Muna.
   126 | D        | Found a sacrificial altar of Ru.
   126 | D        | Found a stormy altar of Qazlal.
   126 | D        | Found an iron altar of Okawaru.
   126 | D        | Found a sparkling altar of Nemelex Xobeh.
   126 | D        | Found a burning altar of Makhleb.
   126 | D        | Found a viscous altar of Jiyva.
   126 | D        | Found a hazy altar of Hepliaklqana.
   126 | D        | Found an opulent altar of Gozag.
   126 | D        | Found a blossoming altar of Fedhas.
   126 | D        | Found a white marble altar of Elyvilon.
   126 | D        | Found a shadowy altar of Dithmenos.
   126 | D        | Found a snail-covered altar of Cheibriados.
   127 | D        | Found a radiant altar of Vehumet.
   127 | D        | Found a corrupted altar of Lugonu.
   127 | D        | Found a roughly hewn altar of Beogh.
   128 | D        | Found a hide-covered altar of Uskayaw.
   128 | D        | Found an ancient bone altar of Kikubaaqudgha.
   128 | D        | Found a shattered altar of Ashenzari.
   161 | D        | Reached ** piety under Lugonu
   163 | D        | Reached skill level 4 in Fighting
   167 | D        | Noticed a worker ant
   168 | D        | Reached XP level 2. HP: 25/26 MP: 2/4
   178 | D        | Slain by a worker ant

Skill      XL: |  1 |
---------------+----+-----
Invocations    | 3 |  3.0
Fighting       | 4 |  4.4
Axes           | |  2.1
Throwing       | |  1.0
Armour         | |  2.9
Dodging        | |  0.9

Action                   || total
-------------------------++-------
Melee: Hand axe          ||    27
Armor: Leather armour    ||     8
Dodge: Dodged            ||    18
